 Dungeon Crawl Stone Soup version 0.27-a0-869-g165b36e3f0 (webtiles) character file.

Game seed: 11232923906850976618

445 polve the Cleaver (level 7, -3/63 HPs)
             Began as a Hill Orc Berserker on Apr 2, 2021.
             Was a Priest of Trog.
             Killed from afar by an orc wizard (9 damage)
             ... with a magic dart
             ... on level 4 of the Dungeon.
             The game lasted 00:02:56 (5070 turns).

polve the Cleaver (Hill Orc Berserker)              Turns: 5070, Time: 00:02:56

Health: -3/63      AC:  5    Str: 20    XL:     7   Next: 3%
Magic:  7/7        EV: 11    Int:  7    God:    Trog [***...]
Gold:   58         SH:  0    Dex: 12    Spells: 6/6 levels left

rFire    . . .     SeeInvis .   a - +0 hand axe
rCold    . . .     Faith    .   (no shield)
rNeg     . . .     Spirit   .   p - +0 leather armour
rPois    .         Reflect  +   k - +0 helmet
rElec    .         Harm     .   o - +0 cloak
rCorr    +         Rampage  .   (no gloves)
Will     .....                  (no boots)
Stlth    +.........             c - amulet of reflection
HPRegen  0.20/turn              n - ring of resist corrosion
MPRegen  0.10/turn              (no ring)

@: confused, brilliant, ambrosia-drunk, berserk cooldown
A: no striking features
a: Renounce Religion, Berserk, Trog's Hand


You were on level 4 of the Dungeon.
You worshipped Trog.
Trog was most pleased with you.
You visited 1 branch of the dungeon, and saw 4 of its levels.

You collected 58 gold pieces.

Inventory:

Hand Weapons
 a - a +0 hand axe (weapon)
Armour
 k - a +0 helmet (worn)
 o - a +0 cloak (worn)
 p - a +0 leather armour (worn)
Jewellery
 c - an amulet of reflection (around neck)
 n - a ring of resist corrosion (left hand)
Wands
 b - a wand of iceblast (9)
Scrolls
 e - 2 scrolls of teleportation {unknown}
 f - a scroll of noise {unknown}
 g - a scroll of magic mapping {unknown}
 l - 3 scrolls of identify {unknown}
 m - a scroll of fear {unknown}
Potions
 d - a potion of curing {unknown}
 h - a potion of ambrosia
 i - 2 potions of brilliance
 j - a potion of lignification {unknown}
 q - a potion of cancellation {unknown}
 r - a potion of flight {unknown}


   Skills:
 + Level 6.0 Fighting
 * Level 8.6 Axes
 - Level 2.1 Armour
 - Level 1.5 Dodging


You had 6 spell levels left.
You didn't know any spells.
Your spell library was empty.

Dungeon Overview and Level Annotations

Branches:
Dungeon (4/15)
 Temple: D:4-7

Altars:
Makhleb
Trog

Shops:
D:3 :


Message History

You hit something. You block the hound skeleton's attack.
Something hits you but does no damage. The hound skeleton bites you.
You slash the hound skeleton!
You destroy the hound skeleton!
Trog accepts your kill.
You barely miss something. Something hits you. Something hits you.
* * * LOW HITPOINT WARNING * * *
Something hits you.
* * * LOW HITPOINT WARNING * * *
You see here a hound corpse.
You hit something.
You hear some strange, mumbled words.
Something tries to affect you, but you resist.
You barely miss something.
You hear some strange, mumbled words.
A puff of flame appears from out of thin air!
The puff of flame hits you!
* * * LOW HITPOINT WARNING * * *
You hear some strange, mumbled words.
Something tries to affect you, but you resist.
You hit something but do no damage.
You hear some strange, mumbled words.
A puff of flame appears from out of thin air!
The puff of flame hits you.
* * * LOW HITPOINT WARNING * * *
It was a potion of brilliance.
You feel clever all of a sudden.
You hear some strange, mumbled words.
Something tries to affect you, but you resist.
Something hits you.
* * * LOW HITPOINT WARNING * * *
It was a potion of ambrosia.
You are confused.
You feel invigorated.
You feel yourself speed up.
You hear some strange, mumbled words.
A magic dart appears from out of thin air!
The magic dart hits you!
You die...

...........##
.........!..# .
............##..
.................
.................
.........)).....#
................#
#........####...#
#...>(..@# .
#......{##
#.....†..# #.
#####........##...
#..........†.....#
...............##
#.............#
####...........#
##..........#


There were no monsters in sight!

Vanquished Creatures
  A black bear (D:3)
  A hound (D:4)
  An orc priest (D:3)
  Crazy Yiuf (D:2)
  Jessica (D:3)
  An orc wizard (D:3)
  An iguana (D:4)
  A hound skeleton (D:4)
  Robin (D:2)
  4 gnolls (D:2)
  4 adders
  3 dart slugs
  6 orcs
  6 ball pythons
  4 bats
  7 endoplasms
  4 giant cockroaches
  9 goblins
  9 hobgoblins
  9 jackals
  A quokka (D:3)
  2 frilled lizards
  4 kobolds
  3 rats
84 creatures vanquished.

Vanquished Creatures (others)
  10 plants (D:2)
10 creatures vanquished.

Grand Total: 94 creatures vanquished

Notes
Turn   | Place    | Note
-------+----------+-------------------------------------------
     0 | D:1      | polve the Hill Orc Berserker began the quest for the Orb.
     0 | D:1      | Reached XP level 1. HP: 19/19 MP: 1/1
   217 | D:1      | Reached XP level 2. HP: 23/27 MP: 2/2
   860 | D:1      | Reached skill level 5 in Axes
  1018 | D:1      | Reached XP level 3. HP: 32/33 MP: 3/3
  1033 | D:1      | Found a faded altar of an unknown god.
  1434 | D:2      | Noticed Robin
  1449 | D:2      | Reached ** piety under Trog
  1452 | D:2      | Killed Robin
  1453 | D:2      | Reached XP level 4. HP: 25/41 MP: 4/4
  2052 | D:2      | Reached skill level 6 in Axes
  2514 | D:2      | Reached XP level 5. HP: 47/47 MP: 5/5
  2748 | D:2      | Found a runed translucent door.
  2749 | D:2      | Noticed Crazy Yiuf
  2757 | D:2      | Killed Crazy Yiuf
  2758 | D:2      | Reached skill level 5 in Fighting
  3395 | D:3      | Found a bloodstained altar of Trog.
  3411 | D:3      | Reached skill level 7 in Axes
  3613 | D:3      | Reached XP level 6. HP: 40/56 MP: 6/6
  3833 | D:3      | Noticed Jessica
  3837 | D:3      | Killed Jessica
  3862 | D:3      | Found Sufec's Book Shop.
  4374 | D:3      | Noticed a black bear
  4384 | D:3      | Killed a black bear
  4385 | D:3      | Reached skill level 8 in Axes
  4712 | D:4      | Reached *** piety under Trog
  4843 | D:4      | Found a burning altar of Makhleb.
  5062 | D:4      | Reached XP level 7. HP: 21/63 MP: 7/7
  5069 | D:4      | HP: 1/63 [something (5)]
  5070 | D:4      | Killed from afar by an orc wizard

Illustrated notes

Levels and vault maps discovered:
D:1:      erik_arrival_triangle_medium, layout_loops_ring,
          basic_ecumenical_altar
D:2:      layout_loops_ring, chequers_big_river, uniq_crazy_yiuf_cottage,
          uniq_robin
D:3:      layout_basic, lemuel_round_altar, serial_shops, shop, serial_glass,
          glass_columns_c, glass_columns_b, item_on_display_a,
          minmay_strange_pillars, item_on_display_a, feat_on_display,
          chequers_serial_rivers_small_a, glass_columns_a, uniq_jessica
D:4:      minmay_chambers_of_twos, layout_layer_cave, amcnicky_altar_gilded,
          kennysheep_little_box, kiku_gazebo_pond_becter,
          lightli_temple_of_fire, minmay_overflow_temple_star_hex

Skill      XL: |  1  2  3  4  5  6 |
---------------+-------------------+-----
Fighting       | 4 5 6 |  6.0
Axes           | 5 6 7 8 |  8.6
Armour         | |  2.1
Dodging        | |  1.5

Action                   |  1- 3 |  4- 6 |  7- 9 || total
-------------------------+-------+-------+-------++-------
Melee: Hand axe          |    76 |   197 |     5 ||   278
Invok: Berserk           |     2 |     5 |       ||     7
  Use: Potion            |       |       |     2 ||     2
Armor: Animal skin       |    16 |    19 |       ||    35
       Leather armour    |       |    44 |     1 ||    45
Dodge: Dodged            |    51 |   118 |       ||   169
Block: Other             |     9 |    42 |     1 ||    52

Table legend: (Time is in decaauts)
 A = Elapsed time spent in this place.
 B = Non-inter-level travel time spent in this place.
 C = Inter-level travel time spent in this place.
 D = Time resting spent in this place.
 E = Time spent auto-exploring this place.
 F = Levels seen in this place.
 G = Mean time per level.
                   A        B        C        D        E       F      G
               +--------+--------+--------+--------+--------+-----+--------+
         Total |   5147 |   5014 |    133 |    102 |   4325 |   4 | 1286.8 |
       Dungeon |   5147 |   5014 |    133 |    102 |   4325 |   4 | 1286.8 |
               +--------+--------+--------+--------+--------+-----+--------+

Top non-repeatable levels by time:
     D:2: 2232 daAuts
     D:3: 1339 daAuts
     D:1: 1192 daAuts
     D:4: 383 daAuts
